Map: Port Aleksander LE

Players

Bundaberg - Winner!

  • Race: Zerg Zerg
  • League: Master
  • Spawn Location: 11:00

ITisFinished

  • Race: Terran Terran
  • League: Master
  • Spawn Location: 5:00

VOD

Have the link to the VOD?

Description

Time

  • Played on: Jan. 31, 2019, 8:53 a.m.
  • Length: 5:52
Show
View Real Time Build Order
Export as new Build Order

Bundaberg Zerg - Winner!

Build Orders: Pool First, Roach Nydus 

Get SALT Encoding   

  12  0:01  Drone  
  13  0:13  Overlord  
  13  0:18  Drone  
  14  0:31  Drone x2  
  16  0:36  Drone  
  17  0:46  Spawning Pool  
  17  0:50  Drone  
  17  0:57  Drone  
  18  1:13  Hatchery  
  18  1:15  Extractor  
  18  1:18  Drone  
  17  1:34  Queen  
  20  1:40  Zergling x6  
  22  1:51  Overlord  
  22  2:13  Drone x2  
  24  2:18  Queen  
  26  2:24  Drone  
  26  2:29  Metabolic Boost  
  27  2:33  Queen  
  27  2:35  Drone x2  
  31  2:37  Drone  
  31  2:43  Overlord  
  32  2:49  Drone x2  
  32  2:50  Drone  
  35  3:00  Drone  
  35  3:04  Lair  
  36  3:09  Drone x3  
  39  3:13  Drone  
  40  3:20  Overlord  
  40  3:29  Drone x4  
  44  3:37  Roach Warren  
  44  3:38  Extractor  
  44  3:39  Drone x2  
  44  3:40  Extractor  
  43  3:44  Drone x3  
  43  3:48  Overlord  
  46  3:57  Drone, Queen  
  46  4:00  Drone  
  50  4:07  Nydus Network  
  49  4:12  Drone  
  49  4:13  Drone x3  
  49  4:16  Overlord  
  53  4:18  Overlord  
  53  4:22  Roach  
  55  4:33  Overseer  
  55  4:35  Roach x4  
  63  4:38  Queen  
  63  4:42  Overlord  
  65  4:50  Roach  
  65  4:51  Roach x3  
  73  4:54  Nydus Canal  
  70  5:04  Roach  
  70  5:05  Roach x3  
  72  5:14  Roach x2  
  72  5:29  Roach  
  72  5:30  Roach x4  
Show
View Real Time Build Order
Export as new Build Order

ITisFinished Terran 

Build Orders: Command Center First (CC), Hellion Banshee 

Get SALT Encoding   

  12  0:00  SCV  
  13  0:12  SCV  
  14  0:18  Supply Depot  
  14  0:24  SCV  
  15  0:39  SCV  
  16  0:51  SCV  
  17  1:03  Command Center  
  17  1:05  SCV  
  18  1:19  Barracks  
  18  1:20  SCV  
  19  1:28  Refinery  
  19  1:32  SCV  
  20  1:35  Refinery  
  20  1:44  SCV  
  21  1:58  SCV  
  22  2:09  Marine  
  22  2:11  Bunker  
  22  2:12  Orbital Command  
  23  2:17  Orbital Command  
  22  2:30  Factory  
  22  2:33  Marine  
  23  2:44  Supply Depot  
  23  2:45  SCV  
  24  2:54  SCV  
  24  2:56  Barracks Reactor  
  25  2:59  SCV  
  26  3:06  SCV  
  26  3:11  SCV, Supply Depot  
  28  3:18  SCV  
  29  3:22  Starport  
  29  3:23  SCV  
  30  3:31  SCV  
  31  3:37  SCV  
  31  3:40  Hellion x2, Barracks Tech Lab  
  36  3:43  SCV  
  36  3:44  Supply Depot  
  37  3:49  SCV  
  37  3:52  Supply Depot  
  37  3:55  SCV  
  39  4:01  SCV, Hellion x2  
  44  4:05  Supply Depot  
  44  4:10  SCV  
  44  4:14  Viking  
  44  4:15  Cloaking Field  
  47  4:22  SCV, Hellion  
  47  4:23  SCV, Hellion  
  53  4:34  SCV  
  53  4:35  SCV  
  55  4:43  Command Center  
  55  4:44  Refinery  
  55  4:46  SCV, Refinery  
  55  4:47  SCV  
  55  4:52  Banshee  
  60  4:54  Hellion  
  58  5:07  Hellion  
  58  5:08  SCV  
  56  5:16  Hellion  
  56  5:17  Marine  
  59  5:21  Bunker  
  59  5:23  Bunker  
  57  5:31  Widow Mine  
Tags
 
Add a new tag
Caveats
  • Supply blocks, unpowered buildings, or Contaminate may cause inaccurate times.
  • Supply counts are checked every 10 seconds.